 Dungeon Crawl Stone Soup version 0.26-a0-710-g95a0c6c400 (webtiles) character file.

Game seed: 10708232216217374711

763 Ijustatesigmund the Chopper (level 7, -1/51 HPs)
             Began as an Octopode Fighter on Oct 30, 2020.
             Slain by a sky beast (5 damage)
             ... on level 5 of the Dungeon.
             The game lasted 00:07:50 (4061 turns).

Ijustatesigmund the Chopper (Octopode Fighter)      Turns: 4061, Time: 00:07:51

Health: -1/51      AC:  1    Str: 16    XL:     7   Next: 81%
Magic:  7/7        EV: 12    Int: 10    God:
Gold:   232        SH: 10    Dex: 13    Spells: 6/6 levels left

rFire    . . .     SeeInvis .   a - +0 war axe
rCold    . . .     Faith    .   b - +1 kite shield
rNeg     . . .     Spirit   .   (helmet restricted)
rPois    .         Reflect  .   (no amulet)
rElec    .         Harm     .   (no ring)
rCorr    .         Rampage  .   (no ring)
MR       .....                  (no ring)
Stlth    ++........             (no ring)
HPRegen  0.17/turn              (no ring)
MPRegen  0.10/turn              (no ring)
                                (no ring)
                                (no ring)

@: no status effects
A: almost no armour, stealthy swim, amphibious, 8 rings, constrict 8, camouflage
1, gelatinous body 1
a: no special abilities


You were on level 5 of the Dungeon.
You visited 1 branch of the dungeon, and saw 5 of its levels.

You collected 232 gold pieces.

Inventory:

Hand Weapons
 a - a +0 war axe (weapon)
Armour
 b - a +1 kite shield (worn)
Wands
 q - a wand of disintegration (15)
Scrolls
 f - 2 scrolls of teleportation
 h - 2 scrolls of amnesia
 i - 2 scrolls of enchant armour
 j - 3 scrolls of identify
 k - 2 scrolls of remove curse {unknown}
 m - a scroll of immolation
 p - a scroll of fog {unknown}
Potions
 c - 2 potions of might
 d - 3 potions of stabbing {unknown}
 e - 3 potions of curing {unknown}
 g - 2 potions of ambrosia {unknown}
 l - a potion of haste {unknown}
 n - a potion of brilliance {unknown}
 o - a potion of heal wounds


   Skills:
 + Level 5.6 Fighting
 * Level 7.1 Axes
 - Level 3.0 Dodging
 - Level 3.0 Shields


You had 6 spell levels left.
You didn't know any spells.
Your spell library contained the following spells:

 Spells                   Type           Power        Failure   Level
 Animate Skeleton         Necr           #.....       87%         1
 Pain                     Necr           #...         87%         1
 Vampiric Draining        Necr           #.........   99%         3
 Animate Dead             Necr           #.........   100%        4
 Agony                    Necr           #.......     100%        5


Dungeon Overview and Level Annotations

Branches:
Dungeon (5/15)
 Temple: D:4-7

Altars:
The Shining One


Innate Abilities, Weirdness & Mutations

You cannot wear most types of armour.
You are very stealthy in the water. (Stealth+)
You are amphibious.
You can wear up to eight rings at the same time.
You can use your tentacles to constrict eight enemies at once.
Your skin changes colour to match your surroundings (Stealth+).
Your rubbery body absorbs attacks. (AC +1, EV +1)


Message History

No target in view!
No target in view!
No target in view!
No target in view!
No target in view!
No target in view!
No target in view!
You miss something. Your squeeze misses something. Something hits you.
Something shocks you.
You hit something. Something hits you. Something shocks you.
You barely miss something. Your squeeze misses something. Something hits you.
Something shocks you.
You closely miss something. Something hits you.
* * * LOW HITPOINT WARNING * * *
Something shocks you.
* * * LOW HITPOINT WARNING * * *
Something hits you.
* * * LOW HITPOINT WARNING * * *
Something shocks you.
You die...

..........##.##.###
........###.##.#.#
##.........#.......
?..................
#.....###.####....
#.....# #.........
#.....# #.####.##.
#######.....###.#
##.##.
.>.....@........#
#.#.#.
#######{###.###.#
#..##. #.# #.# #.#
#.###. ... ..#
#.###.###. ##.#####
#......... #.#
#.###.###. #.# #.#
#.# #. ..# #.#
#.###. #.# #.....


There were no monsters in sight!

Vanquished Creatures
  Grinder (D:4)
  Edmund (D:4)
  An ogre (D:4)
  A howler monkey (D:4)
  A bullfrog skeleton (D:5)
  Jessica (D:2)
  Terence (D:2)
  Ijyb (D:5)
  Natasha (twice) (D:4)
  2 worker ants
  6 adders
  An ooze (D:4)
  An adder skeleton (D:4)
  2 worms
  3 dart slugs
  A leopard gecko (D:2)
  An orc (D:4)
  2 giant cockroaches (D:2)
  4 goblins
  5 hobgoblins
  6 kobolds
  A quokka (D:5)
  5 bats
  2 frilled lizards
  7 rats
59 creatures vanquished.

Notes
Turn   | Place    | Note
-------+----------+-------------------------------------------
     0 | D:1      | Ijustatesigmund the Octopode Fighter began the quest for
                  | the Orb.
     0 | D:1      | Reached XP level 1. HP: 16/16 MP: 1/1
   196 | D:1      | Reached XP level 2. HP: 21/21 MP: 2/2
   748 | D:2      | Reached skill level 3 in Axes
   748 | D:2      | Reached XP level 3. HP: 26/26 MP: 3/3
   868 | D:2      | Noticed Jessica
  1035 | D:2      | Killed Jessica
  1163 | D:2      | Reached XP level 4. HP: 31/32 MP: 4/4
  1364 | D:2      | Noticed Terence
  1373 | D:2      | Killed Terence
  1373 | D:2      | Reached skill level 4 in Axes
  1718 | D:3      | Reached XP level 5. HP: 28/37 MP: 5/5
  2419 | D:4      | Noticed Edmund
  2432 | D:4      | Killed Edmund
  2432 | D:4      | Reached skill level 5 in Axes
  2432 | D:4      | Reached XP level 6. HP: 43/44 MP: 6/6
  2684 | D:4      | Found a glowing golden altar of the Shining One.
  3059 | D:4      | Noticed Natasha
  3061 | D:4      | Reached skill level 6 in Axes
  3067 | D:4      | Killed Natasha
  3067 | D:4      | Reached skill level 5 in Fighting
  3067 | D:4      | Reached XP level 7. HP: 50/50 MP: 7/7
  3248 | D:4      | Noticed Natasha
  3252 | D:4      | Killed Natasha
  3429 | D:4      | Noticed Grinder
  3449 | D:4      | Killed Grinder
  3597 | D:5      | Entered Level 5 of the Dungeon
  3675 | D:5      | Noticed Ijyb
  3685 | D:5      | Killed Ijyb
  3799 | D:5      | Reached skill level 7 in Axes
  4061 | D:5      | Slain by a sky beast

Illustrated notes

Levels and vault maps discovered:
D:1:      shiori_arrival_oz, layout_loops_ring
D:2:      layout_loops_cross, uniq_terence, uniq_jessica
D:3:      layout_basic, chequers_serial_rivers_room_a
D:4:      layout_loops_ring, nicolae_tso_carved_into_rock, uniq_edmund,
          uniq_grinder, uniq_natasha
D:5:      layout_loops_corners, kennysheep_mini, uniq_sigmund, uniq_pikel,
          uniq_ijyb

Skill      XL: |  1  2  3  4  5  6  7 |
---------------+----------------------+-----
Axes           | 3 4 5 6 7 |  7.1
Fighting       | 4 5 |  5.6
Dodging        | |  3.0
Shields        | |  3.0

Action                   |  1- 3 |  4- 6 |  7- 9 || total
-------------------------+-------+-------+-------++-------
Melee: War axe           |    44 |    67 |    29 ||   140
       Constrict         |    14 |    18 |     8 ||    40
       Tentacles         |     6 |    11 |     5 ||    22
       Unarmed           |     2 |       |       ||     2
  Use: Scroll            |     5 |     1 |       ||     6
       Potion            |     1 |     2 |       ||     3
 Stab: Sleeping          |     8 |     2 |     1 ||    11
Armor: Skin              |     1 |     5 |     1 ||     7
Dodge: Dodged            |    13 |    29 |     7 ||    49
Block: Kite shield       |    18 |    34 |     8 ||    60

Table legend: (Time is in decaauts)
 A = Elapsed time spent in this place.
 B = Non-inter-level travel time spent in this place.
 C = Inter-level travel time spent in this place.
 D = Time resting spent in this place.
 E = Time spent auto-exploring this place.
 F = Levels seen in this place.
 G = Mean time per level.
                   A        B        C        D        E       F      G
               +--------+--------+--------+--------+--------+-----+--------+
         Total |   4114 |   4011 |    103 |    363 |   3145 |   5 |  822.8 |
       Dungeon |   4114 |   4011 |    103 |    363 |   3145 |   5 |  822.8 |
               +--------+--------+--------+--------+--------+-----+--------+

Top non-repeatable levels by time:
     D:4: 1212 daAuts
     D:3: 893 daAuts
     D:2: 803 daAuts
     D:1: 737 daAuts
     D:5: 467 daAuts
